 Dungeon Crawl Stone Soup version 0.17-a0-18-gc25b939 (webtiles) character file.

321 Qrupt the Shield-Bearer (level 6, -1/41 HPs)
             Began as a Human Wanderer on Mar 7, 2015.
             Slain by an orc wizard
             ... wielding a +2 dagger of protection
              (4 damage)
             ... on level 5 of the Dungeon on Mar 8, 2015.
             The game lasted 00:23:55 (4413 turns).

Qrupt the Shield-Bearer (Human Wanderer)            Turns: 4413, Time: 00:23:55

Health: -1/41      AC: 10    Str: 16    XL:     6   Next: 76%
Magic:  5/22       EV: 11    Int: 16    God:
Gold:   180        SH:  5    Dex:  7    Spells: 4 memorised, 4 levels left

rFire  . . .     SeeInvis .     b - +1 mace
rCold  . . .     Clarity  +     s - +3 leather armour
rNeg   . . .     SustAb   .     q - +1 buckler
rPois  .         Gourm    .     h - +1 helmet
rElec  .         Spirit   .     p - +0 cloak
rCorr  .         Warding  .     (no gloves)
rMut   .         Stasis   .     w - +0 pair of boots
MR     .....                    k - amulet of rage
Stlth  +.........               (no ring)
                                l - ring of magical power

@: very slightly contaminated, repel missiles, not resistant to hostile
enchantments, very unstealthy
A: clarity, clumsy 1, strong 1
a: Evoke Berserk Rage


You were on level 5 of the Dungeon.
You were very hungry.

You visited 1 branch of the dungeon, and saw 5 of its levels.

You collected 180 gold pieces.

Inventory:

Hand weapons
 b - a +1 mace (weapon)
 d - a +0 blowgun
Missiles
 c - 14 poisoned needles
Armour
 h - a +1 helmet (worn)
 p - a +0 cloak (worn)
 q - a +1 buckler (worn)
 s - a +3 leather armour (worn)
 w - a +0 pair of boots (worn)
Jewellery
 j - a +4 ring of strength {unknown}
 k - an amulet of rage (around neck)
 l - a ring of magical power (left hand)
 x - a cursed ring of loudness {unknown}
Scrolls
 g - 2 scrolls of identify
 i - a scroll of blinking
 m - 2 scrolls of remove curse
Potions
 e - a potion of cancellation
 r - a potion of brilliance
Books
 a - a book of Minor Magic

   Spells                             Type                      Level
   a - Magic Dart                     Conjuration                  1
   b - Blink                          Translocation                2
   c - Call Imp                       Summoning                    2
   d - Repel Missiles                 Charms/Air                   2
   e - Slow                           Hexes                        2
   f - Conjure Flame                  Conjuration/Fire             3
   g - Mephitic Cloud                 Conjuration/Poison/Air       3
Comestibles
 f - 4 bread rations
 n - 4 meat rations
 A - a fruit


   Skills:
 - Level 1.2 Maces & Flails
 - Level 1.0 Throwing
 - Level 2.0 Armour
 - Level 0.6 Dodging
 - Level 4.5 Shields
 - Level 3.5 Spellcasting
 + Level 2.2 Conjurations
 - Level 2.0 Charms
 - Level 1.8 Translocations
 - Level 1.0 Evocations


You had 4 spell levels left.
You knew the following spells:

 Your Spells              Type           Power        Failure   Level  Hunger
a - Magic Dart            Conj           ##..         10%         1    None
b - Blink                 Tloc           N/A          17%         2    ##.....
c - Repel Missiles        Chrm/Air       #.....       24%         2    ##.....
d - Conjure Flame         Conj/Fire      #.......     38%         3    ###....


Dungeon Overview and Level Annotations

Branches:
Dungeon (5/15)
 Temple: D:4-7

Altars:
Qazlal


Innate Abilities, Weirdness & Mutations

You possess an exceptional clarity of mind.
You are clumsy. (Dex -2)
Your muscles are strong. (Str +2)


Message History

The orc priest is almost dead.
The orc wizard barely misses you.
The orc priest invokes the aid of Beogh against you.
Something smites you!
* * * LOW HITPOINT WARNING * * *
Drink which item? (? for menu, Esc to quit)
It was a potion of mutation.
You feel extremely strange.
You feel stronger.
You feel clumsy. The orc wizard casts a spell at you.
The puff of flame misses you.
The orc priest hits you but does no damage.
You hit the orc priest.
You kill the orc priest!
Your Conjurations skill increases to level 2!
You are feeling very hungry.
The orc wizard casts a spell at you.
You feel momentarily confused.
There is a stone staircase leading up here.
The orc wizard hits you with a dagger of protection.
You die...

### #.# #.#
###.##
....####
#.....#
###..##.####
##..........#
#..o@.##.####
#).o...†.#
###.###..#.#
#...........#
#.#...##....#
..........##.#
# .....###...#
#...# #### ...


You could see an orc wizard and an orc.

Vanquished Creatures
  A centaur (D:5)
  An orc priest (D:5)
  A giant frog skeleton (D:4)
  2 worker ants (D:5)
  5 adders
  2 worms
  2 adder skeletons (D:4)
  3 orcs
  A bat skeleton (D:3)
  4 giant cockroaches
  9 hobgoblins
  6 jackals
  A quokka (D:4)
  2 ball pythons
  7 bats
  A giant gecko (D:1)
  A giant gecko skeleton (D:5)
  A giant newt (D:3)
  11 goblins
  4 kobolds
  5 rats
70 creatures vanquished.

Notes
Turn   | Place    | Note
--------------------------------------------------------------
     0 | D:1      | Qrupt, the Human Wanderer, began the quest for the Orb.
     0 | D:1      | Qrupt set off with: a book of Minor Magic, a +0 mace, 14 poisoned needles, a +0 blowgun, a +0 robe, a bread ration
     0 | D:1      | Reached XP level 1. HP: 13/13 MP: 4/4
     3 | D:1      | Learned a level 1 spell: Magic Dart
   162 | D:1      | Reached XP level 2. HP: 14/19 MP: 1/6
   741 | D:1      | Reached XP level 3. HP: 16/24 MP: 8/8
   939 | D:2      | Reached skill level 1 in Conjurations
  1077 | D:2      | Reached skill level 1 in Shields
  1508 | D:2      | Reached XP level 4. HP: 22/30 MP: 1/10
  1970 | D:2      | Learned a level 2 spell: Blink
  1973 | D:2      | Learned a level 2 spell: Repel Missiles
  1977 | D:2      | Learned a level 3 spell: Conjure Flame
  2333 | D:3      | Reached skill level 1 in Translocations
  2677 | D:3      | Reached XP level 5. HP: 35/35 MP: 10/11
  2889 | D:4      | Noticed an ogre
  3299 | D:5      | Entered Level 5 of the Dungeon
  3311 | D:5      | Found a stormy altar of Qazlal.
  3372 | D:5      | Noticed a centaur
  3376 | D:5      | Gained mutation: You possess an exceptional clarity of mind. [potion of beneficial mutation]
  3399 | D:5      | Killed a centaur
  3399 | D:5      | Reached skill level 4 in Shields
  3399 | D:5      | Reached XP level 6. HP: 9/41 MP: 13/13
  3665 | D:5      | Noticed a phantom
  4408 | D:5      | HP: 2/41 [orc priest/divine providence (13)]
  4409 | D:5      | Gained mutation: Your muscles are strong. (Str +2) [potion of mutation]
  4409 | D:5      | Gained mutation: You are clumsy. (Dex -2) [potion of mutation]
  4413 | D:5      | Slain by an orc wizard

Action                   |  1- 3 |  4- 6 || total
-------------------------+-------+-------++-------
Melee: Mace              |    35 |   109 ||   144
 Cast: Magic Dart        |    83 |   178 ||   261
       Blink             |       |    11 ||    11
       Repel Missiles    |       |     1 ||     1
  Use: Scroll            |       |    10 ||    10
       Potion            |       |    10 ||    10
  Eat: Chunk             |     1 |     9 ||    10
       Beef jerky        |       |     1 ||     1
